 Dungeon Crawl Stone Soup version 0.26.0-16-gc1dbca0489 (webtiles) character file.

Game seed: 16950344398738529955

324 thiole the Sneak (level 6, -3/36 HPs)
             Began as an Octopode Hedge Wizard on Jan 19, 2021.
             Slain by an orc
             ... wielding a +0 dagger
              (5 damage)
             ... on level 4 of the Dungeon.
             The game lasted 00:05:38 (4191 turns).

thiole the Sneak (Octopode Hedge Wizard)            Turns: 4191, Time: 00:05:39

Health: -3/36      AC:  1    Str:  9    XL:     6   Next: 48%
Magic:  10/13      EV: 13    Int: 19    God:
Gold:   107        SH:  0    Dex: 11    Spells: 13/14 levels left

rFire    . . .     SeeInvis .   i - +1 dagger (venom)
rCold    . . .     Faith    .   (no shield)
rNeg     . . .     Spirit   .   b - +0 hat
rPois    .         Reflect  .   h - amulet of the acrobat
rElec    .         Harm     .   g - ring of wizardry
rCorr    .         Rampage  .   q - ring of stealth
Will     .....                  (no ring)
Stlth    +++++.....             (no ring)
HPRegen  0.12/turn              (no ring)
MPRegen  0.13/turn              (no ring)
                                (no ring)
                                (no ring)

@: no status effects
A: almost no armour, stealthy swim, amphibious, 8 rings, constrict 8, camouflage
1, gelatinous body 1
a: no special abilities


You were on level 4 of the Dungeon.
You visited 1 branch of the dungeon, and saw 4 of its levels.

You collected 107 gold pieces.

Inventory:

Hand Weapons
 a - a +0 dagger
 i - a +1 dagger of venom (weapon)
Missiles
 f - 167 stones
Armour
 b - a +0 hat (worn)
Jewellery
 g - a ring of wizardry (left tentacle)
 h - an amulet of the acrobat (around mantle)
 m - an uncursed amulet of regeneration {unknown}
 q - a ring of stealth (right tentacle)
Wands
 n - a wand of disintegration (17)
 v - a wand of flame (14)
Scrolls
 e - 2 scrolls of fog {unknown}
 k - a scroll of fear {unknown}
 l - 2 scrolls of remove curse {unknown}
 p - a scroll of random uselessness {unknown}
 r - 2 scrolls of magic mapping {unknown}
 s - a scroll of amnesia {unknown}
 t - 5 scrolls of teleportation {unknown}
 u - 3 scrolls of identify
Potions
 c - 3 potions of curing
 d - a potion of lignification {unknown}
 j - a potion of attraction {unknown}
 o - 2 potions of flight {unknown}


   Skills:
 - Level 2.0 Dodging
 + Level 6.4 Stealth
 + Level 4.8 Spellcasting
 - Level 2.0 Conjurations
 - Level 2.0 Summonings
 - Level 1.0 Translocations


You had 13 spell levels left.
You knew the following spells:

 Your Spells              Type           Power        Failure   Level
a - Magic Dart            Conj           48%          2%          1

Your spell library contained the following spells:

 Spells                   Type           Power        Failure   Level
 Call Imp                 Summ           12%          3%          2
 Blink                    Tloc           N/A          5%          2
 Slow                     Hex            4%           8%          2
 Conjure Flame            Conj/Fire      8%           11%         3
 Mephitic Cloud           Conj/Pois/Air  7%           12%         3


Dungeon Overview and Level Annotations

Branches:
Dungeon (4/15)
 Temple: D:4-7

Altars:
Dithmenos
Elyvilon
Nemelex Xobeh


Innate Abilities, Weirdness & Mutations

You cannot wear most types of armour.
You are very stealthy in the water. (Stealth+)
You are amphibious.
You can wear up to eight rings at the same time.
You can use your tentacles to constrict eight enemies at once.
Your skin changes colour to match your surroundings (Stealth+).
Your rubbery body absorbs attacks. (AC +1, EV +1)


Message History

Aiming: Disintegrate
Press: ? - help, Shift-Dir - straight line, p - orc The bullfrog skeleton is blasted!!
The orc priest begins to cast a cantrip, but forgets the words!
The bullfrog skeleton completely misses you.
You see here 24 stones.
You hit the bullfrog skeleton.
You destroy the bullfrog skeleton!
You hit the orc.
The orc is poisoned.
You grab the orc.
The orc is lightly wounded.
You constrict the orc, but do no damage.
The orc hits you with a +0 dagger.
You hit the orc.
The orc looks as sick as possible!
The orc is moderately wounded.
You constrict the orc.
The orc priest mumbles some strange prayers to Beogh against you.
Beogh smites you!
* * * LOW HITPOINT WARNING * * *
The orc hits you with a +0 dagger.
You die...

...)...................
....###...#####.##.####
.. #.......##.##.#
#.o.....##.##.#
#.......##..#.#
#.(.....###'#'####
#.......#........#
#o......#........#
#@.....!#........#
#.......#........#
........'..[.....#
##.......#........#
#########....>...)
#.#######. #.# #. #.#
#. #.# #.


You could see an orc priest and an orc (extremely poisoned).

Vanquished Creatures
  An ogre (D:4)
  2 orc wizards (D:4)
  A bullfrog skeleton (D:4)
  An orc priest (D:4)
  5 adders
  3 worms
  2 dart slugs (D:3)
  A leopard gecko (D:2)
  11 orcs
  A ball python (D:3)
  6 bats
  8 giant cockroaches
  3 goblins
  2 hobgoblins (D:2)
  3 quokkas
  3 frilled lizards
  8 kobolds
  6 rats
67 creatures vanquished.

Notes
Turn   | Place    | Note
-------+----------+-------------------------------------------
     0 | D:1      | thiole the Octopode Hedge Wizard began the quest for the
                  | Orb.
     0 | D:1      | Reached XP level 1. HP: 11/11 MP: 4/4
   356 | D:1      | Reached skill level 3 in Stealth
   356 | D:1      | Reached XP level 2. HP: 17/17 MP: 1/6
  1155 | D:2      | Reached XP level 3. HP: 17/21 MP: 2/7
  1534 | D:2      | Found a faded altar of an unknown god.
  2053 | D:2      | Reached XP level 4. HP: 12/27 MP: 9/9
  2431 | D:2      | Found a faded altar of an unknown god.
  2431 | D:2      | Found a shadowy altar of Dithmenos.
  2436 | D:2      | Found a faded altar of an unknown god.
  2438 | D:2      | Found a sparkling altar of Nemelex Xobeh.
  2439 | D:2      | Found a white marble altar of Elyvilon.
  2714 | D:3      | Reached skill level 4 in Stealth
  3874 | D:4      | Reached XP level 5. HP: 31/31 MP: 10/10
  3906 | D:4      | Reached skill level 5 in Stealth
  4159 | D:4      | Noticed an ogre
  4165 | D:4      | Killed an ogre
  4166 | D:4      | Reached skill level 6 in Stealth
  4166 | D:4      | Reached XP level 6. HP: 19/36 MP: 11/13
  4191 | D:4      | Slain by an orc

Illustrated notes

Levels and vault maps discovered:
D:1:      dpeg_arrival_prison, layout_loops_cross, chequers_avenue,
          chequers_serial_rivers_micro_b, minmay_pentomino_z2
D:2:      layout_loops_ring, chequers_temple_overflow_minitemple,
          chequers_ecumenical_altar_island, minmay_puff
D:3:      wad_crossroads, layout_loops_ring, small_statue_intersection,
          minmay_quantized
D:4:      layout_basic, enter_ossuary_5

Skill      XL: |  1  2  3  4  5 |
---------------+----------------+-----
Stealth        | 3 4 6 |  6.4
Conjurations   | 2 |  2.0
Summonings     | 2 |  2.0
Spellcasting   | 4 |  4.8
Dodging        | |  2.0
Translocations | |  1.0

Action                   |  1- 3 |  4- 6 || total
-------------------------+-------+-------++-------
Melee: Dagger            |    53 |    59 ||   112
       Constrict         |    14 |    14 ||    28
       Tentacles         |     5 |    13 ||    18
 Cast: Magic Dart        |    55 |    72 ||   127
Evoke: Wand              |       |     1 ||     1
  Use: Scroll            |     3 |     2 ||     5
       Potion            |       |     1 ||     1
 Stab: Sleeping          |     2 |     3 ||     5
       Distracted        |       |     1 ||     1
Armor: Skin              |     6 |     3 ||     9
Dodge: Dodged            |    25 |    21 ||    46
